 Dungeon Crawl Stone Soup version 0.29-a0-231-g945431f764 (webtiles) character file.

Game seed: 13081905250158790205

163 Ordine the Cudgeller (level 5, 0/33 HPs)
             Began as a Tengu Fighter on Feb 28, 2022.
             Splashed by a jelly's acid (11 damage)
             ... in a sewer.
             The game lasted 00:07:42 (2968 turns).

Ordine the Cudgeller (Tengu Fighter)                Turns: 2968, Time: 00:07:42

Health: 0/33       AC:  0    Str: 19    XL:     5   Next: 44%
Magic:  6/6        EV: 10    Int:  8    God:
Gold:   112        SH:  4    Dex: 13    Spells: 4/4 levels left

rFire   . . .      SeeInvis .   a - +0 flail
rCold   . . .      Faith    .   c - +0 buckler
rNeg    . . .      Spirit   .   b - +0 scale mail
rPois   .          Reflect  .   (helmet restricted)
rElec   .          Harm     .   f - +0 cloak
rCorr   .          Rampage  .   (no gloves)
Will    .....                   (boots unavailable)
Stlth   ..........              (no amulet)
HPRegen 0.11/turn               (no ring)
MPRegen 0.10/turn               (no ring)

@: corroded, flying quickly and evasively, quick
A: beak, talons 3, nimble flight
a: no special abilities


You were in a sewer.
You visited 1 branch of the dungeon, and saw 3 of its levels.
You also visited: Sewer.

You collected 112 gold pieces.

Inventory:

Hand Weapons
 a - a +0 flail (weapon)
Missiles
 h - 5 boomerangs (quivered)
 n - a throwing net
Armour
 b - a +0 scale mail (worn)
 c - a +0 buckler (worn)
 f - a +0 cloak (worn)
Scrolls
 g - a scroll of enchant weapon {unknown}
 i - 2 scrolls of identify {unknown}
 j - a scroll of brand weapon {unknown}
 k - a scroll of fog {unknown}
 o - a scroll of torment {unknown}
Potions
 d - 2 potions of might
 e - a potion of curing {unknown}
 l - 2 potions of heal wounds {unknown}
 m - a potion of attraction {unknown}


   Skills:
 + Level 3.9 Fighting
 * Level 4.5 Maces & Flails
 + Level 2.2 Throwing
 - Level 3.2 Armour
 - Level 3.0 Shields


You had 4 spell levels left.
You didn't know any spells.
Your spell library contained the following spells:

 Spells                   Type           Power      Damage    Failure   Level
 Freeze                   Ice            0%         1d3       86%         1
 Frozen Ramparts          Ice            0%         1d2       99%         3
 Summon Guardian Golem    Hex/Summ       0%         N/A       99%         3
 Hailstorm                Conj/Ice       0%         3d3       100%        4
 Orb of Destruction       Conj           0%         9d5       100%        7
 Spellforged Servitor     Conj/Summ      0%         N/A       100%        7


Dungeon Overview and Level Annotations

Branches:
Dungeon (3/15)              Sewer (1/1)

Altars:


Innate Abilities, Weirdness & Mutations

You have a beak for a mouth.
You have claws for feet.
Your magical nature lets you fly swiftly and evasively.


Message History

Found a gate leading back out of this place.
l - 2 brown potions (gained 1)
An endoplasm comes into view.
The endoplasm quivers.
The endoplasm freezes you.
You are frozen.
The endoplasm hits you but does no damage.
You sock the endoplasm!
You kill the endoplasm!
No target in view!
No target in view!
No target in view!
o - a scroll labelled JUEDAROTTA An endoplasm comes into view.
You see here 2 smoky puce potions.
An endoplasm is nearby! 2 jellies come into view.
The jelly quivers. x2
Found a smoky puce potion.
You hit the endoplasm but do no damage. You sock the endoplasm!
You kill the endoplasm!
Found a viscous altar of Jiyva.
You block the jelly's attack.
You hit the jelly.
Your hands burn!
You peck the jelly, but do no damage.
The jelly is moderately wounded.
The jelly barely misses you.
You sock the jelly!
Your hands burn!
You claw the jelly.
You kill the jelly!
The jelly closely misses you.
You hit the jelly.
Your hands burn!
Your kick misses the jelly.
The jelly is lightly wounded.
The jelly hits you but does no damage.
You hit the jelly.
Your hands burn!
The jelly is moderately wounded.
The jelly hits you. The acid corrodes you!
You are splashed with acid!
The jelly hits you but does no damage.
You are too injured to fight recklessly!
You are too injured to fight recklessly!
The jelly hits you. The acid corrodes you!
You are splashed with acid!
You die...

##### ##.!!##
###≈≈≈≈≈###
##≈≈..≈≈≈≈.##
##≈....#.@J≈≈###
####
#≈≈≈#######≈≈.≈#
#...# ##≈.######
##≈.≈#
..≈.≈##≈.≈#≈.≈.##
#≈.#
#≈..#≈...≈≈.≈∩#
.≈≈.
#≈≈.≈≈≈.≈##≈≈.
≈≈.!_
##...≈.≈≈.##
≈≈... #.≈≈.##≈..#
..## ##.≈..≈##.##
###


You could see a jelly.

Vanquished Creatures
  A jelly (Sewer)
  2 adders (D:2)
  5 river rats (Sewer)
  3 worms
  A dart slug (D:1)
  An orc (D:2)
  6 bats
  11 endoplasms
  2 giant cockroaches
  4 goblins
  A hobgoblin (D:1)
  4 kobolds
  4 quokkas
  4 ball pythons
  5 frilled lizards
  7 rats
61 creatures vanquished.

Notes
Turn   | Place    | Note
-------+----------+-------------------------------------------
     0 | D:1      | Ordine the Tengu Fighter began the quest for the Orb.
     0 | D:1      | Reached XP level 1. HP: 14/14 MP: 2/2
    86 | D:1      | Reached XP level 2. HP: 14/19 MP: 3/3
   890 | D:1      | Found a faded altar of an unknown god.
   940 | D:1      | Reached skill level 3 in Maces & Flails
   940 | D:1      | Reached skill level 1 in Throwing
  1280 | D:2      | Reached XP level 3. HP: 21/23 MP: 4/4
  1873 | D:2      | Reached XP level 4. HP: 28/28 MP: 5/5
  2377 | D:3      | Found a glowing drain.
  2393 | Sewer    | Entered a sewer
  2617 | Sewer    | Reached skill level 4 in Maces & Flails
  2771 | Sewer    | Gained mutation: Your magical nature lets you fly swiftly
                  | and evasively. [Tengu growth]
  2771 | Sewer    | Reached XP level 5. HP: 20/33 MP: 6/6
  2960 | Sewer    | Found a viscous altar of Jiyva.
  2968 | Sewer    | Splashed by a jelly's acid

Illustrated notes

Levels and vault maps discovered:
D:1:      amcnicky_arrival_feature_with_door, layout_loops_ring, serial_bayou,
          serial_bayou_pond_d, serial_bayou_pond_a, serial_bayou_shore_a,
          serial_bayou_pond_d, serial_bayou_pond_a,
          nicolae_ecumenical_lake_church
D:2:      layout_loops_corners, serial_bayou_crossing
D:3:      layout_loops_cross, serial_undead, serial_undead_a, serial_undead_d,
          serial_undead_b, serial_undead_d, cheibrodos_sewer_entry_drain,
          minmay_rat_hole
Sewer:    sewer_hellmonk_slimy_pipes

Skill      XL: |  1  2  3  4 |
---------------+-------------+-----
Maces & Flails | 3 4 |  4.5
Throwing       | 1 2 |  2.2
Fighting       | |  3.9
Armour         | |  3.2
Shields        | |  3.0

Action                   |  1- 3 |  4- 6 || total
-------------------------+-------+-------++-------
Melee: Flail             |    72 |    77 ||   149
       Kick              |    17 |    11 ||    28
       Peck              |     5 |     5 ||    10
Armor: Scale mail        |    36 |    25 ||    61
Dodge: Dodged            |    28 |    25 ||    53
Block: Buckler           |     8 |    13 ||    21

Table legend: (Time is in decaauts)
 A = Elapsed time spent in this place.
 B = Non-inter-level travel time spent in this place.
 C = Inter-level travel time spent in this place.
 D = Time resting spent in this place.
 E = Time spent auto-exploring this place.
 F = Levels seen in this place.
 G = Mean time per level.
                   A        B        C        D        E       F      G
               +--------+--------+--------+--------+--------+-----+--------+
         Total |   3040 |   2971 |     69 |      0 |   2486 |   4 |  760.0 |
       Dungeon |   2448 |   2379 |     69 |      0 |   2025 |   3 |  816.0 |
         Sewer |    591 |    591 |      0 |      0 |    461 |   1 |  591.0 |
               +--------+--------+--------+--------+--------+-----+--------+

Top non-repeatable levels by time:
     D:1: 1280 daAuts
     D:2: 1073 daAuts
   Sewer: 591 daAuts
     D:3: 94 daAuts
